 Dungeon Crawl Stone Soup version 0.30-a0-778-g2ef04afb54 (webtiles) character file.

Game seed: 13307141454064926556

369 BubbleThief the Grave Robber (level 6, -2/44 HPs)
             Began as a Demonspawn Necromancer on Feb 15, 2023.
             Slain by a black bear (3 damage)
             ... on level 4 of the Dungeon.
             The game lasted 00:06:08 (4051 turns).

BubbleThief the Grave Robber (DsNe)                 Turns: 4051, Time: 00:06:09

Health: -2/44      AC:  5    Str:  8    XL:     6   Next: 41%
Magic:  3/11       EV: 12    Int: 16    God:
Gold:   213        SH:  0    Dex: 16    Spells: 11/12 levels left

rFire   . . .      SeeInvis .    m - +0 long sword
rCold   . . .      Faith    .    (no shield)
rNeg    . . .      Spirit   .    a - +0 robe
rPois   .          Reflect  .    (helmet restricted)
rElec   .          Harm     .    (no cloak)
rCorr   .          Rampage  .    (no gloves)
Will    .....                    (no boots)
Stlth   ++                       (no amulet)
HPRegen 0.27/turn                (no ring)
MPRegen 0.12/turn                (no ring)

@: no status effects
A: horns 1, icy blue scales 2
a: no special abilities


You were on level 4 of the Dungeon.
You visited 1 branch of the dungeon, and saw 4 of its levels.

You collected 213 gold pieces.

Inventory:

Hand Weapons
 h - a +0 dagger
 m - a +0 long sword (weapon)
Armour
 a - a +0 robe (worn)
Jewellery
 j - a ring of ice
Wands
 s - a wand of flame (32)
Scrolls
 c - a scroll of silence {unknown}
 e - 4 scrolls of identify {unknown}
 f - a scroll of teleportation {unknown}
 g - a scroll of acquirement {unknown}
 i - a scroll of magic mapping {unknown}
 l - a scroll of enchant weapon {unknown}
 p - a scroll of immolation {unknown}
 q - a scroll of fear {unknown}
 r - 3 scrolls of torment {unknown}
Potions
 b - a potion of magic
 d - 3 potions of curing {unknown}
 k - a potion of lignification {unknown}
 n - a potion of brilliance {unknown}
 o - a potion of mutation {unknown}


   Skills:
 + Level 1.7 Fighting
 - Level 1.7 Dodging
 - Level 1.7 Stealth
 - Level 3.7 Spellcasting
 - Level 7.2 Necromancy


You had 11 spell levels left.
You knew the following spells:

 Your Spells              Type           Power      Damage    Failure   Level
a - Necrotise             Necr           100%       1d9       1%          1

Your spell library contained the following spells:

 Spells                   Type           Power      Damage    Failure   Level
 Vampiric Draining        Necr           26%        2d7       2%          3
 Animate Dead             Necr           26%        N/A       9%          4
 Agony                    Necr           26%        N/A       24%         5
 Ensorcelled Hibernation  Hex/Ice        4%         N/A       26%         2
 Anguish                  Hex/Necr       7%         N/A       36%         4
 Ignite Poison            Fire/Tmut/Pois 2%         N/A       45%         3
 Spider Form              Tmut/Pois      2%         N/A       45%         3
 Sticky Flame             Conj/Fire      2%         2d3       86%         4
 Ignition                 Fire           1%         3d3       100%        8


Dungeon Overview and Level Annotations

Branches:
Dungeon (4/15)
 Temple: D:4-7

Altars:
Ashenzari


Innate Abilities, Weirdness & Mutations

You have a pair of small horns on your head.
You are mostly covered in icy blue scales. (AC +3)


Message History

Press: ? - help, Q - select action, (/) - cycle Shift-Dir - straight line, f/p - black bear
Aim: a black bear (moderately wounded, chance to affect: 83%)
The black bear writhes in agony!
The black bear barely misses you. x2; The black bear closely misses you.
Aiming: Necrotise (safe; 1% risk of failure)
Press: ? - help, Q - select action, (/) - cycle Shift-Dir - straight line, f/p - black bear
Aim: a black bear (heavily wounded, chance to affect: 83%)
The black bear writhes in agony.
The black bear bites you. The black bear claws you.
The black bear claws you but does no damage.
Aiming: Necrotise (safe; 1% risk of failure)
Press: ? - help, Q - select action, (/) - cycle Shift-Dir - straight line, f/p - black bear
Aim: a black bear (severely wounded, chance to affect: 83%)
The black bear writhes in agony.
The black bear goes berserk!
Aiming: Necrotise (safe; 1% risk of failure)
Press: ? - help, Q - select action, (/) - cycle Shift-Dir - straight line, f/p - black bear
Aim: a black bear (severely wounded, berserk, chance to affect: 83%)
The black bear barely resists.
The black bear bites you but does no damage.
The black bear misses you. The black bear claws you.
Aiming: Necrotise (safe; 1% risk of failure)
Press: ? - help, Q - select action, (/) - cycle Shift-Dir - straight line, f/p - black bear
Aim: a black bear (severely wounded, berserk, chance to affect: 83%)
The black bear writhes in agony.
The black bear bites you. The black bear claws you. x2
The black bear bites you.
The black bear claws you but does no damage.
The black bear claws you.
* * * LOW HITPOINT WARNING * * *
Aiming: Necrotise (safe; 1% risk of failure)
Press: ? - help, Q - select action, (/) - cycle Shift-Dir - straight line, f/p - black bear
Aim: a black bear (almost dead, berserk, chance to affect: 83%)
The black bear writhes in agony.
The black bear bites you!
* * * LOW HITPOINT WARNING * * *
The black bear claws you.
* * * LOW HITPOINT WARNING * * *
The black bear claws you.
You die...

.........#........#.......#.....#
.........#........#.......#.....#
...##'#####.......#########.....#
...##....##.......##......#.....#
...#...............#......#.....#
...#...............#......#.....#
...#...............#......#.....#
...#...............#......#.....#
...#............@..#......#.....#
...#.....#######h#####'####.....#
...'.....#......5...............#
+#########..............†.......#
.. ...........................#
.. ...........................#
... ...........................#
... ...........................#
... ...........................'


You could see a black bear (berserk) and a shadow imp.

Vanquished Creatures
  A black bear (D:4)
  A scorpion (D:4)
  A howler monkey (D:4)
  An orc priest (D:3)
  Ijyb (D:4)
  4 gnolls (D:3)
  2 adders
  A worm (D:2)
  3 dart slugs
  3 orcs (D:3)
  An endoplasm (D:1)
  3 giant cockroaches
  3 goblins (D:1)
  4 hobgoblins
  4 jackals (D:1)
  2 kobolds (D:4)
  2 quokkas
  2 ball pythons
  3 bats
  6 frilled lizards
  9 rats
57 creatures vanquished.

Vanquished Creatures (collateral kills)
  A dart slug (D:1)
  An endoplasm (D:1)
  A hobgoblin (D:2)
3 creatures vanquished.

Grand Total: 60 creatures vanquished

Notes
Turn   | Place    | Note
-------+----------+-------------------------------------------
     0 | D:1      | BubbleThief the Demonspawn Necromancer began the quest for
                  | the Orb.
     0 | D:1      | Reached XP level 1. HP: 13/13 MP: 3/3
   256 | D:1      | Gained mutation: You are partially covered in icy blue
                  | scales. (AC +2) [demonic ancestry]
   256 | D:1      | Reached XP level 2. HP: 19/19 MP: 3/5
   699 | D:1      | Reached skill level 5 in Necromancy
  1249 | D:2      | Gained mutation: You have a pair of small horns on your
                  | head. [demonic ancestry]
  1249 | D:2      | Reached XP level 3. HP: 14/24 MP: 0/6
  2464 | D:3      | Found a broken altar of Ashenzari.
  2548 | D:3      | Reached XP level 4. HP: 18/30 MP: 1/8
  2967 | D:3      | Found a faded altar of an unknown god.
  2970 | D:3      | Reached skill level 6 in Necromancy
  3206 | D:3      | Gained mutation: You are mostly covered in icy blue scales.
                  | (AC +3) [demonic ancestry]
  3206 | D:3      | Reached XP level 5. HP: 22/35 MP: 0/9
  3479 | D:4      | Noticed Ijyb
  3487 | D:4      | Killed Ijyb
  3654 | D:4      | Noticed a black bear
  3662 | D:4      | Killed a black bear
  3663 | D:4      | Reached skill level 7 in Necromancy
  3663 | D:4      | Reached XP level 6. HP: 31/41 MP: 4/11
  3987 | D:4      | Reached skill level 1 in Fighting
  4051 | D:4      | HP: 1/44 [black bear (5)]
  4051 | D:4      | Slain by a black bear

Illustrated notes

Levels and vault maps discovered:
D:1:      minmay_arrival_five_plusses, layout_basic, serial_glass,
          glass_columns_a, glass_columns_a
D:2:      layout_loops_ring, serial_rivers, chequers_serial_rivers_large_b,
          chequers_serial_rivers_large_a, chequers_serial_rivers_micro_b,
          chequers_serial_rivers_room_b, chequers_serial_rivers_micro_b
D:3:      layout_basic, mainiacjoe_overflow_brackets,
          hellmonk_ecumenical_altar_zigzags, minmay_misc_feat_four_crosses
D:4:      layout_gridville, trog_ov_bears_minmay, kennysheep_crisscross,
          uniq_ijyb

Skill      XL: |  1  2  3  4  5  6 |
---------------+-------------------+-----
Necromancy     | 5 6 7 |  7.2
Spellcasting   | 3 |  3.7
Fighting       | 1 |  1.7
Dodging        | |  1.7
Stealth        | |  1.7

Action                     |  1- 3 |  4- 6 || total
---------------------------+-------+-------++-------
  Melee: Unarmed           |     3 |       ||     3
         Dagger            |    10 |       ||    10
         Long sword        |       |     7 ||     7
   Cast: Necrotise         |    79 |    69 ||   148
 Armour: Robe              |     4 |    16 ||    20
  Dodge: Dodged            |    11 |    21 ||    32

Table legend: (Time is in decaauts)
 A = Elapsed time spent in this place.
 B = Non-inter-level travel time spent in this place.
 C = Inter-level travel time spent in this place.
 D = Time resting spent in this place.
 E = Time spent auto-exploring this place.
 F = Levels seen in this place.
 G = Mean time per level.
                   A        B        C        D        E       F      G
               +--------+--------+--------+--------+--------+-----+--------+
         Total |   4092 |   4047 |     45 |     63 |   3490 |   4 | 1023.0 |
       Dungeon |   4092 |   4047 |     45 |     63 |   3490 |   4 | 1023.0 |
               +--------+--------+--------+--------+--------+-----+--------+

Top non-repeatable levels by time:
     D:1: 1211 daAuts
     D:2: 1168 daAuts
     D:3: 1139 daAuts
     D:4: 573 daAuts
